 Dungeon Crawl Stone Soup version 0.26.1-11-gd32895ea62 (webtiles) character file.

Game seed: 1351581184325827320

23 Zeld the Grasshopper (level 2, -1/19 HPs)
             Began as an Octopode Warper on May 16, 2021.
             Slain by a phantom (4 damage)
             ... on level 5 of the Dungeon.
             The game lasted 00:01:09 (332 turns).

Zeld the Grasshopper (Octopode Warper)               Turns: 332, Time: 00:01:10

Health: -1/19      AC:  1    Str: 10    XL:     2   Next: 95%
Magic:  5/5        EV: 13    Int: 15    God:
Gold:   42         SH:  0    Dex: 11    Spells: 5/5 levels left

rFire    . . .     SeeInvis .   a - +0 mace
rCold    . . .     Faith    .   (no shield)
rNeg     . . .     Spirit   .   (helmet restricted)
rPois    .         Reflect  .   (no amulet)
rElec    .         Harm     .   (no ring)
rCorr    .         Rampage  .   (no ring)
Will     .....                  (no ring)
Stlth    ++........             (no ring)
HPRegen  0.06/turn              (no ring)
MPRegen  0.09/turn              (no ring)
                                (no ring)
                                (no ring)

@: no status effects
A: almost no armour, stealthy swim, amphibious, 8 rings, constrict 8, camouflage
1, gelatinous body 1
a: no special abilities


You were on level 5 of the Dungeon.
You visited 1 branch of the dungeon, and saw 5 of its levels.

You collected 42 gold pieces.

Inventory:

Hand Weapons
 a - a +0 mace (weapon)
Missiles
 b - 5 boomerangs of dispersal (quivered)
Scrolls
 e - a scroll of noise {unknown}
 f - a scroll of fear {unknown}
 g - a scroll of teleportation {unknown}
Potions
 d - a potion of ambrosia {unknown}
 h - a potion of might {unknown}
 i - 2 potions of curing {unknown}
 j - a potion of berserk rage {unknown}


   Skills:
 - Level 2.0 Fighting
 * Level 2.7 Maces & Flails
 - Level 1.0 Throwing
 - Level 2.3 Dodging
 + Level 2.3 Spellcasting
 + Level 3.2 Translocations


You had 5 spell levels left.
You didn't know any spells.
Your spell library contained the following spells:

 Spells                   Type           Power        Failure   Level
 Blink                    Tloc           N/A          9%          2
 Gell's Gravitas          Tloc           5%           17%         3
 Lesser Beckoning         Tloc           5%           17%         3
 Teleport Other           Tloc           11%          17%         3
 Passage of Golubria      Tloc           N/A          50%         4


Dungeon Overview and Level Annotations

Branches:
Dungeon (6/15)
 Temple: D:4-7

Altars:


Innate Abilities, Weirdness & Mutations

You cannot wear most types of armour.
You are very stealthy in the water. (Stealth+)
You are amphibious.
You can wear up to eight rings at the same time.
You can use your tentacles to constrict eight enemies at once.
Your skin changes colour to match your surroundings (Stealth+).
Your rubbery body absorbs attacks. (AC +1, EV +1)


Message History

Press: ? - help, Dir - move target
As you read the scroll of blinking, it crumbles to dust.
Found a stone staircase leading up.
The sky beast flickers out of sight!
Deactivating autopickup; reactivate with Ctrl-A.
You climb upwards.
The adder hisses angrily.
Reactivating autopickup.
An adder, a giant cockroach, a zombie and a skeleton come into view.
The adder hisses angrily.
Found a robe, a scroll labelled XISKOWK NIALYU and 2 metallic sapphire potions.
There is a stone staircase leading down here.
A phantom comes into view.
The phantom closely misses you.
The adder falls through a shaft!
The shaft crumbles and collapses.
The phantom hits you. The hound skeleton bites you.
* * * LOW HITPOINT WARNING * * *
The phantom hits you.
You die...

#.. #.# .......
##.. ....... #
..## S..B...
.##. #..#
...!...
.....##..#
...°..?
#.....Z##S.....[
#...@.Z........
#.###W#>.......
#.##....... #.#
##....# #.. .#..
##. # # ##


You could see a phantom, an adder, a hound zombie and a hound skeleton.

Vanquished Creatures
  An adder (D:2)
  A worm (D:2)
  2 giant cockroaches
  2 goblins
  A hobgoblin (D:2)
  A kobold (D:2)
  A quokka (D:2)
  2 rats (D:2)
11 creatures vanquished.

Notes
Turn   | Place    | Note
-------+----------+-------------------------------------------
     0 | D:1      | Zeld the Octopode Warper began the quest for the Orb.
     0 | D:1      | Reached XP level 1. HP: 14/14 MP: 3/3
   128 | D:2      | Reached XP level 2. HP: 16/19 MP: 5/5
   313 | D:3      | You fall into a shaft and drop 3 floors!
   314 | D:6      | Noticed a sky beast
   329 | D:5      | Entered Level 5 of the Dungeon
   330 | D:5      | Noticed a phantom
   332 | D:5      | Slain by a phantom

Illustrated notes

Levels and vault maps discovered:
D:1:      dpeg_arrival_brainrot, layout_basic, kennysheep_flooded_box,
          minmay_strange_pillars
D:2:      layout_basic, chequers_ecumenical_altar_island, uniq_sigmund
D:3:      layout_rooms, uniq_robin
D:5:      layout_rooms, chequers_arboretum
D:6:      layout_loops_ring, minmay_crossroads

Action                   || total
-------------------------++-------
Melee: Mace              ||    27
       Constrict         ||     7
       Tentacles         ||     5
  Use: Scroll            ||     1
 Stab: Sleeping          ||     1
Armor: Skin              ||     1
Dodge: Dodged            ||    17
